 Dungeon Crawl Stone Soup version 0.26-a0-1181-gd376ed14c5 (webtiles) character file.

Game seed: 5573639982302523949

159 runemasterragnar the Sneak (level 5, 0/34 HPs)
             Began as a Kobold Delver on Dec 26, 2020.
             Slain by an orc
             ... wielding a +0 hand axe
              (8 damage)
             ... on level 6 of the Dungeon.
             The game lasted 00:04:18 (2074 turns).

runemasterragnar the Sneak (Kobold Delver)          Turns: 2074, Time: 00:04:19

Health: 0/34       AC:  4    Str: 11    XL:     5   Next: 68%
Magic:  5/5        EV: 16    Int: 11    God:
Gold:   60         SH:  0    Dex: 16    Spells: 4/4 levels left

rFire    . . .     SeeInvis +   a - +0 short sword
rCold    . . .     Faith    .   (shield restricted)
rNeg     . . .     Spirit   .   b - +0 leather armour
rPois    .         Reflect  .   (no helmet)
rElec    .         Harm     .   (no cloak)
rCorr    .         Rampage  .   (no gloves)
Will     .....                  h - +0 pair of boots
Stlth    ++++......             (no amulet)
HPRegen  0.11/turn              k - ring of see invisible
MPRegen  0.09/turn              (no ring)

@: no status effects
A: small, nightstalker 3
a: no special abilities


You were on level 6 of the Dungeon.
You visited 1 branch of the dungeon, and saw 6 of its levels.

You collected 72 gold pieces.
You spent 12 gold pieces at shops.

Inventory:

Hand Weapons
 a - a +0 short sword (weapon)
Armour
 b - a +0 leather armour (worn)
 h - a +0 pair of boots (worn)
Jewellery
 k - a ring of see invisible (left hand)
Wands
 g - a wand of digging (3)
Scrolls
 c - a scroll of fog
 d - a scroll of magic mapping
 l - 2 scrolls of blinking {unknown}
Potions
 f - a potion of haste
 m - a potion of degeneration


   Skills:
 + Level 4.3 Fighting
 + Level 4.2 Short Blades
 + Level 3.8 Dodging
 + Level 7.6 Stealth


You had 4 spell levels left.
You didn't know any spells.
Your spell library was empty.

Dungeon Overview and Level Annotations

Branches:
Dungeon (8/15)
 Temple: D:4-7         Lair: D:8-11

Altars:
Ashenzari

Shops:
D:5 !


Innate Abilities, Weirdness & Mutations

You are small and have problems with some larger weapons.
You are completely attuned to the shadows.


Message History

You hit the orc wizard.
The orc wizard is severely wounded.
The orc misses you.
The orc wizard hits you with a +0 dagger.
Unknown command.
You closely miss the orc wizard.
The orc wizard is severely wounded.
The orc wizard misses you.
Unknown command.
You barely miss the orc wizard.
The orc wizard is severely wounded.
The orc hits you with a +0 hand axe!
Unknown command.
You hit the orc wizard but do no damage.
The orc wizard is severely wounded.
The orc wizard casts a spell at you. The magic dart hits you!
* * * LOW HITPOINT WARNING * * *
The orc hits you with a +0 hand axe!
You die...

#.#####.#.#..# .
######.........#.##..
#.................'..
###.##########.#.##. #.#
#.#.# #.# #.#.# #.# #.#.#
#.# ########.#.# #.....#
#.# #..oo@.#.#.# #.....#
#.# #.####o#.#.# #.....#
#.# #.##.#.#'#.####.....#
#.###.##...............#
#....................#.#
#####.###.....########'###
#.#.'.....# #.....
#.#.#.....# #.....
#.#.###..## #.....


You could see an orc wizard and 2 orcs.

Vanquished Creatures
  An orc wizard (D:4)
  A hound zombie (D:6)
  A hound skeleton (D:7)
  A gnoll (D:4)
  5 adders
  A shadow imp (D:8)
  2 white imps
  A leopard gecko (D:3)
  8 orcs
  A hobgoblin (D:3)
  2 jackals
  A jackal zombie (D:5)
  A leopard gecko skeleton (D:6)
26 creatures vanquished.

Vanquished Creatures (others)
  19 plants (D:3)
19 creatures vanquished.

Grand Total: 45 creatures vanquished

Notes
Turn   | Place    | Note
-------+----------+-------------------------------------------
     0 | D:5      | runemasterragnar the Kobold Delver began the quest for the
                  | Orb.
     0 | D:5      | Reached XP level 1. HP: 14/14 MP: 1/1
    66 | D:5      | Noticed an ice beast
   134 | D:6      | Reached XP level 2. HP: 19/19 MP: 2/2
   254 | D:6      | Reached skill level 7 in Stealth
   254 | D:6      | Reached XP level 3. HP: 24/24 MP: 3/3
   367 | D:7      | Reached XP level 4. HP: 29/29 MP: 4/4
   440 | D:6      | Noticed a two-headed ogre
   512 | D:6      | Noticed an eye of draining
   512 | D:6      | Noticed an orc warrior
   512 | D:6      | Noticed a big kobold
   751 | D:5      | Found Woxzanin's Distillery.
   756 | D:5      | Bought a potion of degeneration for 12 gold pieces
  1259 | D:4      | Found a broken altar of Ashenzari.
  1336 | D:4      | Reached XP level 5. HP: 6/33 MP: 5/5
  2064 | D:3      | You fall into a shaft and drop 3 floors!
  2074 | D:6      | Slain by an orc

Illustrated notes

Levels and vault maps discovered:
D:3:      layout_basic, nemelex_altar_shiori, serial_bayou,
          serial_bayou_lagoon_a, serial_bayou_shore_b, serial_bayou_shore_b,
          serial_bayou_pond_d, uniq_ijyb
D:4:      kennysheep_the_goblin_king, layout_basic, nicolae_gozag_seed_capital,
          nicolae_ashenzari_panopticon
D:5:      layout_basic, serial_shops, shop
D:6:      minmay_chambers_of_fours, layout_basic, grunt_temple_overflow_open,
          trog_eyes_of_draining, basic_altar, minmay_shop_enchanted_jewellery
D:7:      layout_rooms, grunt_dithmenos_smoke, minitemple,
          minmay_temple_entry_large_hall, basic_altar
D:8:      layout_cave_pods, kennysheep_mini_moat, lemuel_crystal_altar,
          serial_shops, shop, corexii_mini_fake_secret_closet

Skill      XL: |  1  2  3  4 |
---------------+-------------+-----
Short Blades   | 3 4 |  4.2
Dodging        | 3 |  3.8
Stealth        | 7 |  7.6
Fighting       | 4 |  4.3

Action                   |  1- 3 |  4- 6 || total
-------------------------+-------+-------++-------
Melee: Short sword       |    17 |   108 ||   125
  Use: Potion            |       |     2 ||     2
       Scroll            |       |     2 ||     2
 Stab: Sleeping          |     8 |     8 ||    16
Armor: Leather armour    |     1 |    12 ||    13
Dodge: Dodged            |     9 |    76 ||    85

Table legend: (Time is in decaauts)
 A = Elapsed time spent in this place.
 B = Non-inter-level travel time spent in this place.
 C = Inter-level travel time spent in this place.
 D = Time resting spent in this place.
 E = Time spent auto-exploring this place.
 F = Levels seen in this place.
 G = Mean time per level.
                   A        B        C        D        E       F      G
               +--------+--------+--------+--------+--------+-----+--------+
         Total |   2062 |   2016 |     46 |    649 |    828 |   6 |  343.7 |
       Dungeon |   2062 |   2016 |     46 |    649 |    828 |   6 |  343.7 |
               +--------+--------+--------+--------+--------+-----+--------+

Top non-repeatable levels by time:
     D:4: 852 daAuts
     D:5: 560 daAuts
     D:6: 447 daAuts
     D:3: 150 daAuts
     D:7: 48 daAuts
     D:8: 2 daAuts
